 Dungeon Crawl Stone Soup version 0.18-b1-22-ge198996 (webtiles) character file.

6125 varam the Grappler (level 10, -1/96 HPs)
             Began as a Troll Transmuter on May 3, 2016.
             Was an Elder of Cheibriados.
             Slain by a yak (17 damage)
             ... on level 10 of the Dungeon.
             The game lasted 01:11:45 (9942 turns).

varam the Grappler (Troll Transmuter)               Turns: 9942, Time: 01:11:45

Health: -1/96      AC:  5    Str: 29    XL:     10   Next: 59%
Magic:  8/15       EV: 14    Int: 18    God:    Cheibriados [****..]
Gold:   405        SH:  0    Dex: 22    Spells: 4 memorised, 6 levels left

rFire  . . .     SeeInvis .       - Unarmed
rCold  . . .     Gourm    +     b - +0 robe
rNeg   . . .     Faith    .     (no shield)
rPois  .         Spirit   .     (helmet restricted)
rElec  .         Dismiss  .     (no cloak)
rCorr  .         Reflect  .     (gloves unavailable)
SustAt .         Harm     .     (boots unavailable)
MR     +....                    (no amulet)
Stlth  ++........               z - ring of protection from magic
                                w - ring of flight

@: very slightly contaminated, very slow, somewhat resistant to hostile
enchantments, unstealthy
A: unfitting armour, claws 3, fast metabolism 3, gourmand, regeneration 2,
shaggy fur 1, tough skin 2
a: Bend Time, Temporal Distortion, Slouch, Renounce Religion, Evoke Flight


You were on level 10 of the Dungeon.
You worshipped Cheibriados.
Cheibriados was greatly pleased with you.
You were very full.

You visited 1 branch of the dungeon, and saw 10 of its levels.

You collected 405 gold pieces.

Inventory:

Missiles
 a - 64 arrows
Armour
 b - a +0 robe (worn)
Jewellery
 p - an uncursed amulet of dismissal
 w - a ring of flight (left claw)
 z - a ring of protection from magic (right claw)
Scrolls
 e - 6 scrolls of identify
 g - 6 scrolls of remove curse
 k - 5 scrolls of teleportation
 m - 2 scrolls of amnesia {unknown}
 n - 2 scrolls of recharging {unknown}
 q - a scroll of enchant armour {unknown}
 x - a scroll of holy word {unknown}
 y - 2 scrolls of fear {unknown}
 C - a scroll of summoning {unknown}
 E - 3 scrolls of magic mapping {unknown}
Potions
 h - 2 potions of agility
 i - 4 potions of magic
 l - 3 potions of degeneration {unknown}
 r - a potion of ambrosia {unknown}
 t - a potion of cure mutation {unknown}
 v - a potion of flight {unknown}
 A - a potion of might {unknown}
 B - 2 potions of curing {unknown}
 D - a potion of lignification {unknown}
Books
 c - a book of Changes

   Spells                             Type                      Level
   a - Beastly Appendage              Transmutation                1
   b - Sticks to Snakes               Transmutation                2
   c - Spider Form                    Transmutation/Poison         3
   d - Ice Form                       Ice/Transmutation            4
   e - Blade Hands                    Transmutation                5
 G - a book of Necromancy

   Spells                             Type                      Level
   a - Pain                           Necromancy                   1
   b - Animate Skeleton               Necromancy                   1
   c - Vampiric Draining              Necromancy                   3
   d - Regeneration                   Charms/Necromancy            3
   e - Animate Dead                   Necromancy                   4
   f - Control Undead                 Necromancy                   4
Miscellaneous
 F - a stone of tremors
Comestibles
 d - 6 bread rations
 f - a beef jerky
 j - 4 meat rations
 o - 4 fruits
 s - a slice of pizza
 u - 3 royal jellies
 H - 6 chunks of flesh


   Skills:
 - Level 5.0 Fighting
 - Level 5.2 Dodging
 - Level 0.5 Stealth
 - Level 10.4 Unarmed Combat
 + Level 4.0 Spellcasting
 + Level 5.4 Transmutations


You had 6 spell levels left.
You knew the following spells:

 Your Spells              Type           Power        Failure   Level  Hunger
a - Beastly Appendage     Trmt           ###...       1%          1    None
b - Spider Form           Trmt/Pois      ##........   17%         3    ###....
c - Sticks to Snakes      Trmt           ###.....     2%          2    ##.....
d - Blade Hands           Trmt           ###.......   54%         5    ######.


Dungeon Overview and Level Annotations

Branches:
Dungeon (10/15)            Temple (0/1) D:6
   Lair: D:8-11         Orc: D:9-12

Altars:
Cheibriados
Okawaru
Pakellas
Trog
Xom
Yredelemnul
Zin

Shops:
D:4 :


Innate Abilities, Weirdness & Mutations

You are too large for most types of armour.
You have claws for hands.
Your metabolism is lightning-fast.
You like to eat raw meat.
You heal very quickly.
You are covered in fur (AC +1).
You have very tough skin (AC +2).


Message History

* * * LOW HITPOINT WARNING * * *
The yak completely misses you.
You maul the yak!!
You kill the yak!
Cheibriados appreciates the change of pace.
Your Spellcasting skill increases to level 4!
The yak completely misses you.
You hit the yak but do no damage.
The yak is poisoned.
The yak completely misses you.
You maul the yak!!
The yak looks even sicker.
The yak is severely wounded.
The yak misses you.
You hit the yak.
The yak is almost dead.
Your transformation has ended.
Your +0 robe unmelds from your body.
You closely miss the yak.
The yak is almost dead.
The yak gores you!
You die...

....###
.......
.......####
.......#..+
#.....#..###
#.....#†...#
#.....'....#
#....†#..Y.#
#.....#..@.#
#.....#..<.#
.......#....#
.......######
.......
.......


You could see a yak.

Vanquished Creatures
  Pikel (D:6)
  Grinder (D:3)
  A boulder beetle (D:9)
  A wyvern (D:9)
  7 yaks
  A sky beast (D:8)
  Eustachio (D:4)
  A hungry ghost (D:9)
  2 hippogriffs
  A soldier ant (D:8)
  A black bear (D:5)
  2 orc warriors (D:9)
  3 slaves (D:6)
  6 ogres
  An eye of draining (D:6)
  4 ice beasts
  A phantom (D:9)
  4 centaurs
  2 giant frogs
  3 scorpions
  5 killer bees (D:7)
  An electric eel (D:9)
  2 crimson imps
  A quasit (D:7)
  2 jellies
  2 centaur zombies
  2 giant frog skeletons
  2 hounds
  3 orc priests
  6 orc wizards
  2 iguanas
  8 worker ants
  A hound skeleton (D:6)
  2 worker ant zombies
  10 gnolls
  A howler monkey skeleton (D:9)
  11 adders
  4 shadow imps
  An ooze (D:6)
  3 adder zombies
  2 adder skeletons
  2 worms
  A dart slug (D:2)
  6 giant geckos
  24 orcs
  9 bats
  8 giant cockroaches
  14 goblins
  3 hobgoblins
  3 jackals (D:2)
  3 kobolds
  2 quokkas
  6 ball pythons
  6 giant newts
  A jackal zombie (D:9)
  7 rats
210 creatures vanquished.

Vanquished Creatures (collateral kills)
  A giant frog (D:6)
  A gnoll (D:6)
2 creatures vanquished.

Vanquished Creatures (others)
  A slave (D:8)
  4 toadstools (D:1)
5 creatures vanquished.

Grand Total: 217 creatures vanquished

Notes
Turn   | Place    | Note
--------------------------------------------------------------
     0 | D:1      | varam the Troll Transmuter began the quest for the Orb.
     0 | D:1      | Reached XP level 1. HP: 18/18 MP: 1/1
    74 | D:1      | Reached skill level 1 in Fighting
   195 | D:1      | Reached XP level 2. HP: 27/27 MP: 2/2
   776 | D:2      | Reached XP level 3. HP: 33/33 MP: 3/3
   842 | D:2      | Learned a level 3 spell: Spider Form
  1195 | D:2      | Found a basalt altar of Yredelemnul.
  1394 | D:2      | Found an iron altar of Okawaru.
  2283 | D:2      | Reached XP level 4. HP: 15/41 MP: 3/5
  3029 | D:3      | Noticed Grinder
  3036 | D:3      | Reached skill level 4 in Unarmed Combat
  3042 | D:3      | Paralysed by Grinder for 3 turns
  3050 | D:3      | Killed Grinder
  3050 | D:3      | Reached skill level 5 in Unarmed Combat
  3050 | D:3      | Reached XP level 5. HP: 6/49 MP: 4/6
  3050 | D:3      | Reached XP level 6. HP: 8/57 MP: 4/7
  3196 | D:3      | Reached skill level 6 in Unarmed Combat
  3433 | D:4      | Found an oddly glowing altar of Pakellas.
  3704 | D:4      | Reached XP level 7. HP: 63/63 MP: 6/8
  3782 | D:4      | Found Saenois's Book Emporium.
  3912 | D:4      | Noticed Eustachio
  3920 | D:4      | Killed Eustachio
  4036 | D:4      | Learned a level 5 spell: Blade Hands
  4195 | D:5      | Entered Level 5 of the Dungeon
  4541 | D:5      | Learned a level 2 spell: Sticks to Snakes
  4963 | D:5      | Reached XP level 8. HP: 72/72 MP: 9/11
  5142 | D:6      | Noticed Pikel
  5755 | D:6      | Found a snail-covered altar of Cheibriados.
  5758 | D:6      | Became a worshipper of Cheibriados the Contemplative
  5954 | D:6      | Found a staircase to the Ecumenical Temple.
  6270 | D:6      | Found a bloodstained altar of Trog.
  6614 | D:6      | Reached * piety under Cheibriados
  6708 | D:6      | Found a shimmering altar of Xom.
  6991 | D:6      | Reached XP level 9. HP: 84/84 MP: 10/12
  7032 | D:6      | Killed Pikel
  7032 | D:6      | Reached skill level 5 in Fighting
  7032 | D:6      | Reached skill level 5 in Dodging
  7331 | D:7      | Reached ** piety under Cheibriados
  7835 | D:6      | Reached skill level 5 in Transmutations
  8138 | D:7      | Found a bloodstained altar of Trog.
  8243 | D:8      | Reached skill level 7 in Unarmed Combat
  8592 | D:8      | Reached skill level 8 in Unarmed Combat
  8966 | D:9      | Reached *** piety under Cheibriados
  8981 | D:9      | Reached XP level 10. HP: 96/96 MP: 7/14
  9233 | D:9      | Reached skill level 9 in Unarmed Combat
  9404 | D:9      | Found a glowing silver altar of Zin.
  9809 | D:9      | Reached skill level 10 in Unarmed Combat
  9821 | D:9      | Reached **** piety under Cheibriados
  9912 | D:10     | Entered Level 10 of the Dungeon
  9942 | D:10     | Slain by a yak

Skill      XL: |  1  2  3  4  5  6  7  8  9 10 |
---------------+-------------------------------+-----
Fighting       | 1 4 5 |  5.0
Dodging        | 2 4 5 |  5.2
Unarmed Combat | 5 6 8 10 | 10.4
Transmutations | 3 4 5 |  5.4
Spellcasting   | 2 3 4 |  4.0
Stealth        | |  0.5

Action                   |  1- 3 |  4- 6 |  7- 9 | 10-12 || total
-------------------------+-------+-------+-------+-------++-------
Melee: Unarmed           |   136 |    93 |   336 |   104 ||   669
       Kick              |     2 |     9 |    28 |       ||    39
       Headbutt          |     6 |     5 |    20 |       ||    31
       Punch             |     2 |     3 |    10 |       ||    15
 Cast: Beastly Appendage |    15 |    14 |    49 |       ||    78
       Sticks to Snakes  |       |       |    13 |       ||    13
       Spider Form       |       |       |    14 |    13 ||    27
Invok: Bend Time         |       |       |     1 |       ||     1
  Use: Scroll            |       |       |     5 |       ||     5
 Stab: Sleeping          |     2 |       |     3 |       ||     5
       Distracted        |       |       |     1 |       ||     1
  Eat: Chunk             |    26 |    11 |    40 |    15 ||    92
Armor: Robe              |    66 |    31 |    71 |     3 ||   171
       Skin              |       |       |     2 |     2 ||     4
Dodge: Dodged            |    84 |    53 |   218 |    94 ||   449
